 Dungeon Crawl Stone Soup version 0.31-a0-345-g1ebeae05c6 (webtiles) character file.

Game seed: 724188893056691613

2421 Dordric the Mimic (level 9, -1/75 HPs)
             Began as a Troll Shapeshifter on July 22, 2023.
             Was a Follower of Trog.
             Slain by a kobold
             ... wielding a +2 whip of pain
              (5 damage)
             ... on level 7 of the Dungeon.
             The game lasted 00:08:34 (5751 turns).

Dordric the Mimic (Troll Shapeshifter)              Turns: 5751, Time: 00:08:34

Health: -1/75      AC:  4    Str: 25    XL:     9   Next: 24%
Magic:  8/8        EV: 10    Int:  4    God:    Trog [*.....]
Gold:   297        SH:  0    Dex: 20    Spells: 8/8 levels left

rFire   . .          .
                       - Unarmed
rCold   . . .        (no shield)
rNeg    . . .        a - +0 animal skin
rPois   .            (helmet currently unavailable)
rElec   .            r - melded scarf {repulsion}
rCorr   .            (gloves unavailable)
SInv    .            (boots unavailable)
Will    .....        (no amulet)
Stlth   ++           w - +6 ring of dexterity
HPRegen 1.12/turn    (no ring)
MPRegen 0.11/turn

%: no passive effects
@: lethally poisoned (-1 -> -1), beast-form, slowed, very slow
A: beast (slay +7), large, unfitting armour, claws 3, regeneration 1, shaggy fur
1, tough skin 1
a: Begin Untransformation, Renounce Religion, Berserk


You were on level 7 of the Dungeon.
You worshipped Trog.
Trog was aware of your devotion.
You were a hulking beast.
You visited 2 branches of the dungeon, and saw 8 of its levels.
You also visited: Sewer.

You collected 297 gold pieces.

Inventory:

Hand Weapons
 y - a +0 orcbow
Armour
 a - a +0 animal skin (worn)
 r - a scarf of repulsion (melded)
Jewellery
 t - a ring of poison resistance
 w - a +6 ring of dexterity (left claw)
Talismans
 c - a beast talisman
Wands
 m - a wand of flame (11)
Scrolls
 e - a scroll of amnesia
 f - 2 scrolls of fog
 k - a scroll of silence
 l - 2 scrolls of teleportation
 o - 2 scrolls of revelation
 p - a scroll of blinking {unknown}
 u - 4 scrolls of identify
Potions
 b - a potion of lignification
 d - 4 potions of enlightenment
 g - 4 potions of curing {unknown}
 h - a potion of magic {unknown}
 i - a potion of cancellation {unknown}
 j - a potion of might {unknown}
 n - 3 potions of invisibility {unknown}
 q - a potion of haste {unknown}
 s - a potion of heal wounds {unknown}
 v - a potion of mutation {unknown}
 x - a potion of attraction {unknown}


   Skills:
 - Level 0.7 Fighting
 - Level 1.5 Dodging
 - Level 3.0 Unarmed Combat
 + Level 10.9 Shapeshifting


You had 8 spell levels left.
You didn't know any spells.
Your spell library contained the following spells:

 Spells                   Type           Power      Damage    Failure   Level
 Magic Dart               Conj           0%         1d3       50%         1
 Ensorcelled Hibernation  Hex/Ice        0%         N/A       65%         2
 Passwall                 Tmut/Erth      0%         N/A       65%         2
 Searing Ray              Conj           0%         2d4       65%         2
 Swiftness                Air            0%         N/A       86%         3
 Tukima's Dance           Hex            0%         N/A       86%         3
 Volatile Blastmotes      Fire/Tloc      0%         2d10      86%         3
 Fulminant Prism          Conj/Hex       0%         3d5       99%         4
 Passage of Golubria      Tloc           0%         N/A       99%         4
 Sticky Flame             Conj/Fire      0%         2d3       99%         4
 Yara's Violent Unravell  Hex/Tmut       0%         3d3       100%        5
 Plasma Beam              Fire/Air       0%         2x1d10    100%        6


Dungeon Overview and Level Annotations

Branches:
Dungeon (7/15)             Temple (1/1) D:4           Sewer (visited)

Altars:
Ashenzari
Cheibriados
Elyvilon
Fedhas
Gozag
Hepliaklqana
Kikubaaqudgha
Makhleb
Nemelex Xobeh
Okawaru
Qazlal
Ru
Sif Muna
Trog
Uskayaw
Vehumet
Wu Jian
Xom
Yredelemnul
Zin
The Shining One

Annotations:
D:3 1 runed translucent door, spiderkeys's ghost, amateur OpSh


Innate Abilities, Weirdness & Mutations

You are a hulking beast.
Your limbs bulge with bestial killing power. (Slay +7)
You are too large for most types of armour.
You have claws for hands.
Your natural rate of healing is unusually fast.
You are covered in fur. (AC +1)
You have tough skin. (AC +1)


Message History

A sky beast comes into view.
You feel extremely sick.
The kobold shouts!
The sky beast flickers out of sight!
Deactivating autopickup; reactivate with Ctrl-A.
The kobold brigand barely misses you.
A hound comes into view.
Things that are here:
a +0 hand axe; a +0 chain mail; an orc corpse You barely miss the kobold brigand.
You feel very sick.
The kobold brigand barely misses you. x2
You closely miss the kobold brigand.
You feel very sick. The kobold hits you with a +0 dagger.
A sky beast appears from thin air!
Reactivating autopickup.
You feel very sick. The kobold barely misses you.
The kobold closely misses you.
The kobold brigand hits you with a +0 whip.
The kobold hits you with a +0 dagger. The hound completely misses you.
You feel sick. The kobold hits you with a +0 dagger.
The kobold barely misses you.
The kobold brigand hits you with a +0 whip!
* * * LOW HITPOINT WARNING * * *
The hound bites you.
* * * LOW HITPOINT WARNING * * *
The kobold brigand hits you with a +0 whip!
* * * LOW HITPOINT WARNING * * *
The sky beast flickers out of sight!
Deactivating autopickup; reactivate with Ctrl-A.
The kobold hits you with a +2 whip of pain.
* * * LOW HITPOINT WARNING * * *
The kobold hits you but does no damage.
Things that are here:
a +0 hand axe; a +0 chain mail; an orc corpse
As you read the scroll of fog, it dissolves into smoke.
You feel sick. The hound closely misses you.
The kobold hits you but does no damage.
The kobold hits you with a +2 whip of pain.
You die...

#.###...... ####
###..#....... #..##
##....#....... #...#
#.........#...
#...####.#.......#.##
####.....##.........#...
#......§................
###.....#§§...........#...
#.....###hK§.........##...
##...###KhK##....#.... ..
##### #§{K§....##..... .
#.....##.... ..
#.......#.....
#............. #.........#
###.......# ####.....


You could see a kobold brigand, a hound and 3 kobolds.

Vanquished Creatures
  Sigmund (D:2)
  A water moccasin (D:6)
  2 sky beasts
  An orc warrior (D:7)
  3 black bears
  A centaur (D:6)
  2 ogres
  A phantom (D:6)
  A bullfrog (D:7)
  3 scorpions
  2 howler monkeys
  3 jellies
  5 hounds
  2 gnoll boudas
  An orc priest (D:5)
  Crazy Yiuf (D:3)
  Ijyb (D:3)
  2 sleepcaps
  3 iguanas
  An orc wizard (D:5)
  3 gnolls (D:5)
  20 adders
  4 river rats (Sewer)
  3 white imps
  An ufetubus (D:5)
  4 worms
  2 dart slugs
  14 orcs
  5 endoplasms
  9 giant cockroaches
  6 goblins
  7 hobgoblins
  24 jackals
  2 quokkas
  7 ball pythons
  12 bats
  3 frilled lizards
  9 kobolds
  6 rats
178 creatures vanquished.

Notes
Turn   | Place    | Note
-------+----------+-------------------------------------------
     0 | D:1      | Dordric the Troll Shapeshifter began the quest for the Orb.
     0 | D:1      | Reached XP level 1. HP: 18/18 MP: 0/0
   139 | D:1      | Reached XP level 2. HP: 25/26 MP: 1/1
   171 | D:1      | Got the Octavo of the Salamander
   515 | D:1      | Found a faded altar of an unknown god.
   530 | D:1      | Reached XP level 3. HP: 31/32 MP: 2/2
   855 | D:2      | Reached skill level 4 in Shapeshifting
   911 | D:2      | Noticed Sigmund
   919 | D:2      | Killed Sigmund
   920 | D:2      | Reached skill level 5 in Shapeshifting
   920 | D:2      | Reached XP level 4. HP: 40/40 MP: 3/3
   920 | D:2      | Reached XP level 5. HP: 46/46 MP: 4/4
  1403 | D:3      | Found a glowing drain.
  1471 | Sewer    | Entered a sewer
  1475 | Sewer    | Reached XP level 6. HP: 54/54 MP: 5/5
  1658 | Sewer    | Reached skill level 6 in Shapeshifting
  2136 | D:3      | Found a runed translucent door.
  2137 | D:3      | Noticed Crazy Yiuf
  2210 | D:3      | Found a runed translucent door.
  2212 | D:3      | Noticed spiderkeys's ghost (amateur OpSh)
  2270 | D:3      | Noticed Ijyb
  2278 | D:3      | Killed Ijyb
  2836 | D:3      | Killed Crazy Yiuf
  3002 | D:4      | Reached skill level 7 in Shapeshifting
  3002 | D:4      | Reached XP level 7. HP: 54/61 MP: 6/6
  3029 | D:4      | Found a staircase to the Ecumenical Temple.
  3653 | D:4      | Found an opulent altar of Gozag.
  3907 | D:5      | Entered Level 5 of the Dungeon
  4039 | D:5      | Reached skill level 8 in Shapeshifting
  4171 | D:5      | Reached XP level 8. HP: 45/68 MP: 7/7
  4514 | D:5      | Reached skill level 9 in Shapeshifting
  4705 | Temple   | Entered the Ecumenical Temple
  4728 | Temple   | Became a worshipper of Trog the Wrathful
  5154 | D:6      | Reached skill level 10 in Shapeshifting
  5370 | D:6      | Reached XP level 9. HP: 55/75 MP: 8/8
  5745 | D:7      | Reached * piety under Trog
  5751 | D:7      | Slain by a kobold

Illustrated notes

Levels and vault maps discovered:
D:1:      matt_arrival_debris, layout_loops_ring,
          ebering_ecumenical_altar_sacrificial
D:2:      layout_loops_ring, uniq_sigmund
D:3:      layout_loops_ring, ebering_ghost_sewer_d, gup_sewer_entry_glass,
          kennysheep_generic_room_6, uniq_ijyb, uniq_crazy_yiuf_cottage
D:4:      layout_gridville, overflow_temple_1_default,
          minmay_temple_entry_wispy, minmay_misc_feat_secret_circle,
          roderic_lattice_a, corner_web_ring
D:5:      layout_cave_pools, nicolae_fountain_basement
D:6:      layout_cave_pods
D:7:      layout_cave_pools, kennysheep_mini_moat, serial_column_ruins,
          column_ruins_grid_1, column_ruins_columns_T,
          column_ruins_corridor_straight, nicolae_letterblocks
          [nicolae_letter_subblock, nicolae_letter_subblock,
          nicolae_letter_subblock, nicolae_letter_subblock,
          nicolae_letter_subblock, nicolae_letter_subblock,
          nicolae_letter_subblock, nicolae_letter_subblock,
          nicolae_letter_subblock, nicolae_letter_subblock,
          nicolae_letter_subblock, nicolae_letter_subblock,
          nicolae_letter_subblock, nicolae_letter_subblock,
          nicolae_letter_subblock, nicolae_letter_subblock,
          nicolae_letter_subblock, nicolae_letter_subblock,
          nicolae_letter_subblock, nicolae_letter_subblock,
          nicolae_letter_subblock, nicolae_letter_subblock,
          nicolae_letter_subblock, nicolae_letter_subblock,
          nicolae_letter_subblock]
Temple:   mainiacjoe_temple_big_plus

Skill      XL: |  1  2  3  4  5  6  7  8 |
---------------+-------------------------+-----
Shapeshifting  | 5 7 8 10 | 10.9
Fighting       | |  0.7
Dodging        | |  1.5
Unarmed Combat | |  3.0

Action                     |  1- 3 |  4- 6 |  7- 9 || total
---------------------------+-------+-------+-------++-------
  Melee: Unarmed           |    87 |   180 |   175 ||   442
         Punch             |     2 |     2 |     5 ||     9
   Fire: Orcbow            |       |       |    22 ||    22
  Evoke: Wand              |       |       |     2 ||     2
    Use: Scroll            |       |     7 |     4 ||    11
   Stab: Sleeping          |     1 |     1 |       ||     2
 Armour: Animal skin       |    25 |    73 |    43 ||   141
  Dodge: Dodged            |    44 |    88 |   122 ||   254
         Form:             |       |       |     1 ||     1
         Beast             |       |       |     1 ||     1

Table legend: (Time is in decaauts)
 A = Elapsed time spent in this place.
 B = Non-inter-level travel time spent in this place.
 C = Inter-level travel time spent in this place.
 D = Time resting spent in this place.
 E = Time spent auto-exploring this place.
 F = Levels seen in this place.
 G = Mean time per level.
                   A        B        C        D        E       F      G
               +--------+--------+--------+--------+--------+-----+--------+
         Total |   5738 |   5481 |    257 |    193 |   4157 |   9 |  637.6 |
       Dungeon |   5104 |   4887 |    217 |    193 |   3789 |   7 |  729.1 |
        Temple |     45 |      5 |     40 |      0 |      0 |   1 |   45.0 |
         Sewer |    588 |    588 |      0 |      0 |    368 |   1 |  588.0 |
               +--------+--------+--------+--------+--------+-----+--------+

Top non-repeatable levels by time:
     D:4: 1005 daAuts
     D:3: 939 daAuts
     D:1: 828 daAuts
     D:6: 817 daAuts
     D:5: 766 daAuts
   Sewer: 588 daAuts
     D:2: 554 daAuts
     D:7: 192 daAuts
  Temple: 45 daAuts
